AoeStats
← 雕龙

Arabia

510553868Analyzed
1v1 RM · 1d ago on Oct 1, 2026· 51m 1s· 2 players
Game mode
Random Map
Map size
Tiny (2 player)
Population
200
Speed
Normal
Resources
Standard
Victory
Conquest
Starting age
Dark Age
Ending age
Imperial Age
RankedLock teamsTeams togetherTeam positionsShared explorationLock speedFull tech treeHidden civsTurbo modeCheats
Victory
Defeat
🇩🇪 Franks · Germany
918
+16
🇨🇳 Franks · China
921
-16
LachsTurner4655
0:53 Loom
6:51 Loom
9:58 Feudal Age
8:13 Loom
18:21 Castle Age
17:57 Scale Barding Armor
20:10 Double-Bit Axe
20:18 Gold Mining
22:45 Wheelbarrow
25:49 Gold Shaft Mining
25:44 Forging
26:01 Bow Saw
27:31 Hand Cart
28:17 Chain Barding Armor
32:44 Imperial Age
31:39 Iron Casting
32:54 Husbandry
33:04 Cavalier
34:40 Murder Holes
35:29 Paladin
36:51 Conscription
39:17 Plate Barding Armor
41:01 Blast Furnace
44:27 Elite Throwing Axeman
雕龙
11:43 Feudal Age
12:10 Double-Bit Axe
14:19 Loom
17:49 Castle Age
24:18 Wheelbarrow
24:56 Bow Saw
26:56 Gold Mining
32:02 Imperial Age
29:54 Husbandry
30:32 Hand Cart
30:56 Gold Shaft Mining
30:43 Forging
31:41 Scale Barding Armor
32:12 Iron Casting
31:38 Stone Mining
31:56 Herbal Medicine
31:44 Treadmill Crane
32:13 Fletching
32:12 Cavalier
35:22 Chemistry
34:08 Arrowslits
35:27 Blast Furnace
34:31 Scale Mail Armor
33:58 Pikeman
35:32 Squires
35:18 Arson
36:53 Chain Mail Armor
37:20 Chain Barding Armor
37:00 Bodkin Arrow
37:34 Chain Barding Armor
37:16 Padded Archer Armor
38:01 Paladin
39:20 Plate Barding Armor
38:22 Elite Skirmisher
39:26 Light Cavalry
39:56 Halberdier
44:59 Conscription
48:07 Plate Mail Armor
Connection lost

Rejoining the realm…

Still unreachable

The connection could not be restored.

Session expired

The server has moved on; the page needs a fresh start.